 Dungeon Crawl Stone Soup version 0.29-a0-870-g2c972031a6 (webtiles) character file.

Game seed: 8011445683877840343

6872 flotson the Trooper (level 10, -4/79 HPs)
             Began as a Demonspawn Delver on July 17, 2022.
             Was an Initiate of Gozag.
             Slain by a skeletal warrior
             ... wielding a +0 halberd
              (14 damage)
             ... on level 10 of the Dungeon.
             The game lasted 00:27:20 (18965 turns).

flotson the Trooper (Demonspawn Delver)            Turns: 18965, Time: 00:27:21

Health: -4/79      AC: 31    Str: 16    XL:     10   Next: 78%
Magic:  10/10      EV:  1    Int: 12    God:    Gozag
Gold:   734        SH: 11    Dex: 21    Spells: 9/9 levels left

rFire   . . .      SeeInvis .   a - +4 spear (flame)
rCold   . . .      Faith    .   C - +0 kite shield
rNeg    . . .      Spirit   .   K - +0 crystal plate armour
rPois   .          Reflect  .   z - +2 hat
rElec   .          Harm     .   (no cloak)
rCorr   .          Rampage  .   (no gloves)
Will    .....                   (no boots)
Stlth   ..........              (no amulet)
HPRegen 0.23/turn               j - ring of flight
MPRegen 0.12/turn               L - +6 ring of dexterity

@: sanguine armoured, flying
A: claws 2, demonic guardian 1, sanguine armour 3
a: Renounce Religion, Potion Petition, Call Merchant, Bribe Branch


You were on level 10 of the Dungeon.
You worshipped Gozag.
Gozag was pleased with you.
You visited 2 branches of the dungeon, and saw 11 of its levels.

You collected 1077 gold pieces.
You spent 262 gold pieces at shops.
You paid 81 gold pieces to Gozag.

Inventory:

Hand Weapons
 a - a +4 spear of flaming (weapon)
 b - a +3 war axe
 u - a +1 antimagic spear
 P - a +5 trident
Missiles
 i - 4 throwing nets
 n - 5 boomerangs
 s - 6 boomerangs of dispersal
 v - 2 javelins
 x - 11 poisoned darts
 y - 2 curare-tipped darts (quivered)
 J - 4 silver boomerangs
Armour
 w - a +1 ring mail of poison resistance
 z - a +2 hat (worn)
 C - a +0 kite shield (worn)
 K - a +0 crystal plate armour (worn)
Jewellery
 j - a ring of flight (left claw)
 D - a ring of ice
 L - a +6 ring of dexterity (right claw)
Wands
 f - a wand of flame (32)
 g - a wand of digging (13)
 h - a wand of mindburst (1)
Scrolls
 c - 2 scrolls of fog
 d - 3 scrolls of magic mapping
 e - 6 scrolls of fear
 l - 5 scrolls of identify
 r - a scroll of enchant weapon
 t - a scroll of vulnerability
 A - 3 scrolls of teleportation
 B - 2 scrolls of enchant armour
 E - 2 scrolls of poison
 G - a scroll of summoning
 I - 2 scrolls of silence
 M - a scroll of blinking
Potions
 k - 2 potions of curing
 m - a potion of attraction
 o - 4 potions of lignification
 p - 2 potions of resistance
 q - a potion of mutation
 F - a potion of heal wounds


   Skills:
 + Level 7.1 Fighting
 + Level 5.6(5.8) Axes
 - Level 1.7(4.0) Polearms
 + Level 5.6 Throwing
 + Level 5.7 Armour
 + Level 6.2 Dodging
 - Level 4.5 Stealth
 + Level 4.5 Shields
 + Level 6.4 Evocations


You had 9 spell levels left.
You didn't know any spells.
Your spell library contained the following spells:

 Spells                   Type           Power      Damage    Failure   Level
 Apportation              Tloc           0%         N/A       100%        1
 Static Discharge         Conj/Air       0%         3-3/arc   100%        2
 Sublimation of Blood     Necr           0%         N/A       100%        2
 Wereblood                Tmut           0%         N/A       100%        2
 Call Canine Familiar     Summ           0%         N/A       100%        3
 Portal Projectile        Hex/Tloc       0%         N/A       100%        3
 Dispel Undead            Necr           0%         3d6       100%        4
 Leda's Liquefaction      Hex/Erth       0%         N/A       100%        4
 Sticky Flame             Conj/Fire      0%         2d3       100%        4
 Alistair's Intoxication  Tmut/Pois      0%         N/A       100%        5
 Lightning Bolt           Conj/Air       0%         1d11      100%        5
 Conjure Ball Lightning   Conj/Air       0%         3x3d6     100%        6
 Summon Hydra             Summ           0%         N/A       100%        7
 Discord                  Hex            0%         N/A       100%        8
 Disjunction              Tloc           0%         N/A       100%        8
 Maxwell's Capacitive Co  Air            0%         ∞         100%        8


Dungeon Overview and Level Annotations

Branches:
Dungeon (10/15)            Temple (1/1) D:4
   Lair: D:8-11         Orc: D:9-12

Altars:
Ashenzari
Cheibriados
Dithmenos
Fedhas
Gozag
Hepliaklqana
Kikubaaqudgha
Makhleb
Nemelex Xobeh
Okawaru
Qazlal
Ru
Sif Muna
Trog
Uskayaw
Vehumet
Wu Jian
Xom
Yredelemnul

Shops:
D:4 !   D:5 *   D:7 [   D:9 ?


Innate Abilities, Weirdness & Mutations

You have very sharp fingernails.
A weak demonic guardian rushes to your aid.
When seriously injured, your blood forms very thick armour. (AC +12)


Message History

Your shadow imp hits the skeletal warrior.
There is an open door here.
Reach: a) +4 spear (flame)
Press: ? - help, Dir - move target, f/p - skeletal warrior
Aim: a skeletal warrior, wielding a +0 halberd (almost destroyed, not watching you, ally target, about 28% to evade your +4 spear of flaming)
You could not reach far enough!
The skeletal warrior barely misses your shadow imp.
Your shadow imp completely misses the skeletal warrior.
Reach: a) +4 spear (flame)
Press: ? - help, Dir - move target, f/p - skeletal warrior
Aim: a skeletal warrior, wielding a +0 halberd (almost destroyed, not watching you, ally target, about 28% to evade your +4 spear of flaming)
You could not reach far enough!
The skeletal warrior hits your shadow imp with a +0 halberd!!
Your shadow imp dies!
Your shadow imp disappears in a puff of smoke!
Reach: a) +4 spear (flame)
Press: ? - help, Dir - move target, f/p - skeletal warrior
Aim: a skeletal warrior, wielding a +0 halberd (almost destroyed, unaware, hasn't noticed you, about 28% to evade your +4 spear of flaming)
You reach to attack!
You catch the helpless skeletal warrior completely off-guard!
You hit the skeletal warrior. You burn the skeletal warrior.
The skeletal warrior is almost destroyed.
You block the skeletal warrior's attack.
Reach: a) +4 spear (flame)
Press: ? - help, Dir - move target, f/p - skeletal warrior
Aim: a skeletal warrior, wielding a +0 halberd (almost destroyed, about 28% to evade your +4 spear of flaming)
You reach to attack!
You hit the skeletal warrior but do no damage.
The skeletal warrior is almost destroyed.
The skeletal warrior hits you from afar with a +0 halberd!
* * * LOW HITPOINT WARNING * * *
Reach: a) +4 spear (flame)
Press: ? - help, Dir - move target, f/p - skeletal warrior
Aim: a skeletal warrior, wielding a +0 halberd (almost destroyed, about 28% to evade your +4 spear of flaming)
You reach to attack!
You hit the skeletal warrior but do no damage.
The skeletal warrior is almost destroyed.
The skeletal warrior hits you from afar with a +0 halberd!
You die...
Your body crumbles into a pile of gold.

####'## #.........#
......# #.........#
......#### #.........#
......'..# #.........#
......##.####.........#
......##....'.........#
<.....#######.........#
##'#### #.........#
...* ####@###### .##*
#...# .********* #z###
,,,,,,,,,* #.*
,,,,,,,,,* #.*
,,,,,,,,,****#[****
,,,,,,,,,**,,..,,,*
,,,,,,,,<,*,,..,,,*
,,,,,,,,,,,,,..,,,*


You could see a skeletal warrior.

Vanquished Creatures
  A boulder beetle (D:10)
  Fannar (D:10)
  A troll (D:9)
  A wyvern (D:7)
  5 wraiths
  3 yaks (D:8)
  A vampire (D:10)
  A steam dragon (D:9)
  A water moccasin (D:5)
  An orc warrior (D:10)
  A black bear (D:5)
  2 centaurs
  2 kobold brigands
  Blork the orc (D:4)
  A bullfrog (D:7)
  3 gnoll sergeants
  2 necrophages (D:7)
  2 scorpions
  2 water moccasin zombies (D:5)
  13 wights
  7 killer bees
  9 howler monkeys
  A centaur zombie (D:5)
  A hound (D:6)
  A jelly (D:7)
  2 orc priests (D:6)
  2 gnoll boudas (D:6)
  2 iguanas
  An orc wizard (D:4)
  A scorpion zombie (D:5)
  A killer bee zombie (D:5)
  26 gnolls
  6 adders
  A shadow imp (D:5)
  2 ufetubi
  5 worms (D:2)
  A dart slug (D:1)
  16 orcs
  7 bats
  3 endoplasms
  6 giant cockroaches
  8 goblins
  6 hobgoblins
  2 jackals (D:5)
  4 quokkas
  3 ball pythons
  3 frilled lizards
  14 kobolds
  8 rats
194 creatures vanquished.

Vanquished Creatures (collateral kills)
  A slime creature (D:9)
  A steam dragon (D:10)
  A wight (D:6)
  2 killer bees
  An orc priest (D:7)
  3 gnolls
  2 orcs (D:7)
  A goblin (D:1)
12 creatures vanquished.

Vanquished Creatures (others)
  9 plants (D:7)
9 creatures vanquished.

Grand Total: 215 creatures vanquished

Notes
Turn   | Place    | Note
-------+----------+-------------------------------------------
     0 | D:5      | flotson the Demonspawn Delver began the quest for the Orb.
     0 | D:5      | Reached XP level 1. HP: 18/18 MP: 1/1
   389 | D:5      | Gained mutation: A weak demonic guardian rushes to your
                  | aid. [demonic ancestry]
   389 | D:5      | Reached XP level 2. HP: 19/24 MP: 2/2
   484 | D:5      | Found an ornate altar of the Wu Jian Council.
   498 | D:5      | Noticed a black bear
  1014 | D:1      | Reached XP level 3. HP: 27/29 MP: 3/3
  1104 | D:1      | Reached skill level 1 in Evocations
  1118 | D:1      | Reached skill level 1 in Armour
  1388 | D:1      | Reached skill level 1 in Axes
  2110 | D:2      | Gained mutation: You have sharp fingernails. [demonic
                  | ancestry]
  2110 | D:2      | Reached XP level 4. HP: 14/35 MP: 4/4
  2363 | D:2      | Found a faded altar of an unknown god.
  3761 | D:3      | Reached XP level 5. HP: 16/41 MP: 5/5
  3765 | D:3      | Reached skill level 1 in Throwing
  4170 | D:4      | Found a burning altar of Makhleb.
  4232 | D:4      | Noticed Blork the orc
  4575 | D:4      | Found Yqautt's Distillery.
  4586 | D:4      | Killed Blork the orc
  4741 | D:4      | Bought a potion of degeneration for 14 gold pieces
  4768 | D:4      | Found a staircase to the Ecumenical Temple.
  4776 | Temple   | Entered the Ecumenical Temple
  5020 | D:4      | Reached skill level 4 in Fighting
  5020 | D:4      | Gained mutation: When seriously injured, your blood forms
                  | armour. (AC +12) [demonic ancestry]
  5020 | D:4      | Reached XP level 6. HP: 16/48 MP: 6/6
  5951 | D:5      | Found a basalt altar of Yredelemnul.
  6331 | D:5      | Gained mutation: You have very sharp fingernails. [demonic
                  | ancestry]
  6331 | D:5      | Reached XP level 7. HP: 33/54 MP: 7/7
  7199 | D:5      | Found Ongaczec's Serpentskin Sales.
  7246 | D:5      | Bought 2 curare-tipped darts for 14 gold pieces
  7246 | D:5      | Bought a +1 ring mail of poison resistance for 156 gold
                  | pieces
  8095 | D:5      | Gained mutation: When seriously injured, your blood forms
                  | thick armour. (AC +12) [demonic ancestry]
  8095 | D:5      | Reached XP level 8. HP: 24/61 MP: 0/8
  9501 | D:6      | Reached skill level 5 in Fighting
  9699 | D:6      | Reached skill level 1 in Shields
 10054 | D:6      | Found an opulent altar of Gozag.
 10775 | D:6      | Became a worshipper of Gozag Ym Sagoz the Greedy
 11253 | D:7      | Found a hazy altar of Hepliaklqana.
 11326 | D:7      | Reached XP level 9. HP: 66/67 MP: 9/9
 11797 | D:7      | Found Li Ji's Dragon-Slaying Spoils.
 12176 | D:8      | Reached skill level 5 in Dodging
 12482 | D:8      | Reached skill level 5 in Evocations
 12745 | D:8      | Reached skill level 6 in Fighting
 13267 | D:9      | Noticed a troll
 14508 | D:9      | Reached skill level 5 in Armour
 14790 | D:9      | Found Zudaof's Magic Scroll Shoppe.
 14796 | D:9      | Bought a scroll of identify for 26 gold pieces
 14796 | D:9      | Bought 2 scrolls of identify for 52 gold pieces
 14939 | D:9      | Gained mutation: When seriously injured, your blood forms
                  | very thick armour. (AC +12) [demonic ancestry]
 14939 | D:9      | Reached XP level 10. HP: 13/77 MP: 10/10
 15953 | D:9      | Reached skill level 5 in Axes
 16855 | D:10     | Entered Level 10 of the Dungeon
 16902 | D:10     | Noticed a boulder beetle
 16913 | D:10     | Killed a boulder beetle
 16914 | D:10     | Reached skill level 5 in Throwing
 17140 | D:10     | Noticed Fannar
 17455 | D:10     | Killed Fannar
 18193 | D:10     | Reached skill level 7 in Fighting
 18625 | D:10     | Noticed a skeletal warrior
 18626 | D:10     | Noticed a death knight
 18965 | D:10     | Slain by a skeletal warrior

Illustrated notes

Levels and vault maps discovered:
D:1:      lordsloth_arrival_two_stooges, layout_basic,
          hangedman_abyss_or_decor_stabs, hex_tiny
D:2:      layout_basic, shapermc_ecumenical_altar_notcrosses
D:3:      layout_rooms
D:4:      layout_cave_pools, bloody_makhleb, minmay_temple_entry_nine_rooms,
          serial_shops, shop, minmay_small_thing, uniq_blork_the_orc
D:5:      layout_basic, nicolae_yredelemnul_corpse_copse,
          nzn_wu_jian_contemplation, guppyfry_shop_venom
D:6:      layout_basic, kennysheep_mini
D:7:      layout_cave_pools, nicolae_hepliaklqana_hazy_memory,
          chequers_serial_rivers_marsh, hangedman_abyss_or_decor_passed,
          chequers_serial_rivers_small_3, hangedman_abyss_or_decor_lesser_grid,
          nicolae_shop_dragon_depot
D:8:      layout_loops_ring, nicolae_wwwww
D:9:      layout_long_grid, serial_shops, nicolae_shop_statue_plus,
          kennysheep_generic_room_12
D:10:     layout_roguey, marbit_many_paths, grunt_tough_drop, uniq_fannar
Temple:   regret_index_temple_sphere_string

Skill      XL: |  1  2  3  4  5  6  7  8  9 10 |
---------------+-------------------------------+-----
Dodging        | 2 3 4 5 6 |  6.2
Evocations     | 1 2 3 4 5 6 |  6.4
Armour         | 1 2 3 4 5 |  5.7
Axes           | 1 2 3 4 5 |  5.6
Throwing       | 1 2 3 4 5 |  5.6
Fighting       | 4 5 6 7 |  7.1
Shields        | 2 3 4 |  4.5
Polearms       | |  1.7
Stealth        | |  4.5

Action                   |  1- 3 |  4- 6 |  7- 9 | 10-12 || total
-------------------------+-------+-------+-------+-------++-------
Melee: Spear             |    16 |       |   187 |   209 ||   412
       Trident           |    99 |   138 |    45 |       ||   282
       Punch             |     1 |     2 |       |       ||     3
       Glaive            |       |    70 |    97 |       ||   167
       War axe           |       |       |   188 |       ||   188
Throw: Boomerang         |     4 |     4 |     1 |       ||     9
       Dart              |       |     4 |     1 |    10 ||    15
       Throwing net      |       |       |     2 |     1 ||     3
Evoke: Wand              |       |       |     1 |    25 ||    26
  Use: Potion            |     2 |       |     5 |       ||     7
       Scroll            |     1 |       |    18 |     1 ||    20
 Stab: Sleeping          |    12 |     8 |     1 |       ||    21
       Distracted        |       |       |     3 |     1 ||     4
       Held in net/web   |       |       |     3 |       ||     3
Armor: Leather armour    |    16 |       |       |       ||    16
       Ring mail         |    13 |    72 |   137 |       ||   222
       Crystal plate arm |       |       |   211 |   131 ||   342
Dodge: Dodged            |    41 |   122 |   209 |    10 ||   382
Block: Kite shield       |       |       |   250 |   106 ||   356

Table legend: (Time is in decaauts)
 A = Elapsed time spent in this place.
 B = Non-inter-level travel time spent in this place.
 C = Inter-level travel time spent in this place.
 D = Time resting spent in this place.
 E = Time spent auto-exploring this place.
 F = Levels seen in this place.
 G = Mean time per level.
                   A        B        C        D        E       F      G
               +--------+--------+--------+--------+--------+-----+--------+
         Total |  19299 |  18652 |    647 |   2900 |  12853 |  11 | 1754.5 |
       Dungeon |  19132 |  18504 |    628 |   2900 |  12720 |  10 | 1913.2 |
        Temple |    166 |    147 |     19 |      0 |    133 |   1 |  166.0 |
               +--------+--------+--------+--------+--------+-----+--------+

Top non-repeatable levels by time:
     D:5: 3124 daAuts
     D:8: 2907 daAuts
     D:9: 2440 daAuts
     D:6: 2318 daAuts
    D:10: 1732 daAuts
     D:4: 1698 daAuts
     D:2: 1685 daAuts
     D:1: 1115 daAuts
     D:7: 1067 daAuts
     D:3: 1041 daAuts
  Temple: 166 daAuts
